 Dungeon Crawl Stone Soup version 0.27.0-1-g7a089689b8 (webtiles) character file.

Game seed: 4717634680205828744

2 gimp the Changer (level 1, -1/10 HPs)
             Began as a Spriggan Transmuter on Aug 11, 2021.
             Slain by a kobold (3 damage)
             ... on level 1 of the Dungeon.
             The game lasted 00:00:47 (89 turns).

gimp the Changer (Spriggan Transmuter)                Turns: 89, Time: 00:00:47

Health: -1/10      AC:  2    Str:  6    XL:     1   Next: 33%
Magic:  4/5        EV: 17    Int: 14    God:
Gold:   0          SH:  0    Dex: 15    Spells: 4/5 levels left

rFire    . . .     SeeInvis +     - Unarmed
rCold    . . .     Faith    .   (shield restricted)
rNeg     . . .     Spirit   .   a - +0 robe
rPois    .         Reflect  .   (helmet restricted)
rElec    .         Harm     .   (no cloak)
rCorr    .         Rampage  .   (gloves unavailable)
Will     .....                  (boots unavailable)
Stlth    ++........             (no amulet)
HPRegen  0.03/turn              (no ring)
MPRegen  0.09/turn              (no ring)

@: very slightly contaminated, very quick
A: very small, no large weapons, unfitting armour, see invisible, speed 3
a: no special abilities


You were on level 1 of the Dungeon.
You visited 1 branch of the dungeon, and saw 1 of its levels.

Inventory:

Armour
 a - a +0 robe (worn)


   Skills:
 + Level 1.0 Fighting
 - Level 2.6 Dodging
 + Level 0.9 Stealth
 - Level 2.4 Unarmed Combat
 - Level 2.6 Spellcasting
 - Level 2.6 Transmutations


You had 4 spell levels left.
You knew the following spells:

 Your Spells              Type           Power      Damage    Failure   Level
a - Beastly Appendage     Tmut           18%        N/A       8%          1

Your spell library contained the following spells:

 Spells                   Type           Power      Damage    Failure   Level
 Wereblood                Tmut           9%         N/A       11%         2
 Spider Form              Tmut/Pois      2%         N/A       36%         3
 Ice Form                 Ice/Tmut       5%         N/A       77%         4


Dungeon Overview and Level Annotations

Branches:
Dungeon (1/15)

Altars:


Innate Abilities, Weirdness & Mutations

You are very small and have problems with some larger weapons.
You are too small for most types of armour.
You have supernaturally acute eyesight. (SInv)
You cover ground extremely quickly. (Speed+++)


Message History

The kobold throws a stone.
The stone completely misses you.
You hit the rat.
The rat is heavily wounded.
You hit the rat.
You kill the rat!
Your Fighting skill increases to level 1!
You are too injured to fight recklessly!
You are too injured to fight recklessly!
You are too injured to fight recklessly!
You are too injured to fight recklessly!
Casting: Beastly Appendage (safe; 8% risk of failure)
Confirm with . or Enter, or press ? or * to list all spells.
Okay, then.
You barely miss the kobold.
You headbutt the kobold, but do no damage.
The kobold hits you with a +0 short sword.
* * * LOW HITPOINT WARNING * * *
You take 4 damage, and have 1/10 hp.
MASSIVE DAMAGE!!
MP restored: 5 Your horns disappear.
Your talons disappear.
The kobold throws a stone.
The stone hits you but does no damage.
There is an open door here.
You close the door.
There is an open door here.
A kobold opens the door.
As you close the door, it creaks loudly!
There is an open door here.
You close the door.
There is an open door here.
You close the door.
You start resting.
Something unseen opens the door.
There's a creature in the doorway!
Casting: Beastly Appendage (safe; 8% risk of failure)
Confirm with . or Enter, or press ? or * to list all spells.
You miscast Beastly Appendage.
You are very lightly contaminated with residual magic.
Nothing appears to happen.
The kobold hits you with a +0 short sword.
You die...

##### ##...##
#.....# #..<..#
#.....# ##@..##
#K###+#
#######.##..########
..................[.
..#####.############
##...#'# #.....##
#.....# #.....##


You could see a kobold.

Vanquished Creatures
  A giant cockroach (D:1)
  A bat (D:1)
  A rat (D:1)
3 creatures vanquished.

Notes
Turn   | Place    | Note
-------+----------+-------------------------------------------
     0 | D:1      | gimp the Spriggan Transmuter began the quest for the Orb.
     0 | D:1      | Reached XP level 1. HP: 9/9 MP: 5/5
    57 | D:1      | Reached skill level 1 in Fighting
    89 | D:1      | Slain by a kobold

Illustrated notes

Levels and vault maps discovered:
D:1:      noname_arrival_rooms_in_the_neighbourhood, layout_basic

Skill      XL: |  1 |
---------------+----+-----
Fighting       | 1 |  1.0
Dodging        | |  2.6
Stealth        | |  0.9
Unarmed Combat | |  2.4
Spellcasting   | |  2.6
Transmutations | |  2.6

Action                   || total
-------------------------++-------
Melee: Unarmed           ||    12
       Kick              ||     1
       Headbutt          ||     1
 Cast: Beastly Appendage ||     1
Armor: Robe              ||     2
Dodge: Dodged            ||     9
